 Dungeon Crawl Stone Soup version 0.29.1-15-g9cfb28693d (webtiles) character file.

Game seed: 12877266790770504126

14 hawla the Conjurer (level 2, -2/11 HPs)
             Began as a Felid Conjurer on Apr 9, 2023.
             Frozen to death by an endoplasm (5 damage)
             ... on level 1 of the Dungeon.
             The game lasted 00:01:18 (693 turns).

hawla the Conjurer (Felid Conjurer)                  Turns: 693, Time: 00:01:19

Health: -2/11      AC:  1    Str:  3    XL:     2   Next: 27%
Magic:  4/6        EV: 17    Int: 19    God:
Gold:   15         SH:  0    Dex: 14    Spells: 2/5 levels left
                                        Lives:  0   Deaths: 0

rFire   . . .      SeeInvis +   (weapon unavailable)
rCold   . . .      Faith    .   (shield unavailable)
rNeg    . . .      Spirit   .   (body armour unavailable)
rPois   .          Reflect  .   (helmet unavailable)
rElec   .          Harm     .   (cloak unavailable)
rCorr   .          Rampage  .   (gloves unavailable)
Will    .....                   (boots unavailable)
Stlth   ++........              (no amulet)
HPRegen 0.03/turn               (no ring)
MPRegen 0.10/turn               (no ring)

@: quick
A: very small, claws 1, fangs 3, see invisible, speed 1, shaggy fur 1, stealthy
paws, no weapons or thrown items, no armour, multi-lived
a: no special abilities


You were on level 1 of the Dungeon.
You visited 1 branch of the dungeon, and saw 1 of its levels.

You collected 15 gold pieces.

Inventory:

Scrolls
 b - a scroll of identify {unknown}
 c - a scroll of enchant weapon {unknown}
Potions
 a - a potion of magic


   Skills:
 + Level 2.8 Dodging
 + Level 2.8 Stealth
 + Level 2.0 Spellcasting
 + Level 4.0 Conjurations


You had 2 spell levels left.
You knew the following spells:

 Your Spells              Type           Power      Damage    Failure   Level
a - Magic Dart            Conj           68%        1d6       3%          1
b - Searing Ray           Conj           34%        2d5       4%          2

Your spell library contained the following spells:

 Spells                   Type           Power      Damage    Failure   Level
 Dazzling Flash           Conj/Hex       18%        N/A       22%         3
 Fulminant Prism          Conj/Hex       4%         3d6       58%         4
 Iskenderun's Mystic Bla  Conj/Tloc      9%         2d4       58%         4


Dungeon Overview and Level Annotations

Branches:
Dungeon (1/15)

Altars:


Innate Abilities, Weirdness & Mutations

You have sharp claws.
You have razor-sharp teeth.
You have supernaturally acute eyesight. (SInv)
You cover ground quickly. (Speed+)
You are covered in fur. (AC +1)
Your paws help you pounce on unaware monsters.
You are incapable of wielding weapons or throwing items.
You cannot wear armour.
You gain extra lives every three experience levels.


Message History

The magic dart hits the ball python.
You kill the ball python!
The giant cockroach barely misses you.
Unknown command.
You scratch the giant cockroach but do no damage.
The giant cockroach is almost dead.
The giant cockroach barely misses you.
You scratch the giant cockroach but do no damage.
The giant cockroach is almost dead.
The giant cockroach barely misses you. The endoplasm completely misses you.
The giant cockroach closely misses you.
You scratch the endoplasm but do no damage.
You bite the endoplasm, but do no damage.
The giant cockroach misses you. The endoplasm freezes you.
You are frozen.
You scratch the endoplasm but do no damage.
You bite the endoplasm, but do no damage.
The giant cockroach misses you. The endoplasm freezes you.
You are frozen.
You closely miss the giant cockroach.
The giant cockroach is almost dead.
The giant cockroach misses you. The endoplasm freezes you.
You are frozen.
* * * LOW HITPOINT WARNING * * *
Casting: Magic Dart (safe; 3% risk of failure)
Confirm with . or Enter, or press ? or * to list all spells.
Aiming: Magic Dart (safe; 3% risk of failure)
Press: ? - help, Shift-Dir - straight line, f - giant cockroach
Aim: a giant cockroach (almost dead, 100% to hit)
The magic dart hits the giant cockroach.
You kill the giant cockroach!
The endoplasm misses you.
You scratch the endoplasm.
The endoplasm is moderately wounded.
The endoplasm freezes you.
You are frozen.
You die...

####.......#. ..
........+..'.[.....#.#..
........####.......#.#.#
.[......# #.......#....
........# #.....)......
........####.....†.##...
........##........#...#.
......†J##.######.#.#.##
.......@.......##.#.#.##
########.......##...#...
#.......#..######
#.......#..# #..†....#..
## #......... #.
###......#. #. ####.#.#
#. #[


You could see an endoplasm.

Vanquished Creatures
  3 giant cockroaches (D:1)
  A hobgoblin (D:1)
  3 kobolds (D:1)
  A quokka (D:1)
  A ball python (D:1)
  A bat (D:1)
  2 frilled lizards (D:1)
  A rat (D:1)
13 creatures vanquished.

Notes
Turn   | Place    | Note
-------+----------+-------------------------------------------
     0 | D:1      | hawla the Felid Conjurer began the quest for the Orb.
     0 | D:1      | Reached XP level 1. HP: 7/7 MP: 4/4
   642 | D:1      | Reached skill level 4 in Conjurations
   642 | D:1      | Reached XP level 2. HP: 11/11 MP: 6/6
   650 | D:1      | Learned a level 2 spell: Searing Ray
   693 | D:1      | Frozen to death by an endoplasm

Illustrated notes

Levels and vault maps discovered:
D:1:      sevenhm_arrival_forest_fort_large_4, layout_basic, minmay_hexomino_p4

Skill      XL: |  1 |
---------------+----+-----
Conjurations   | 4 |  4.0
Dodging        | |  2.8
Stealth        | |  2.8
Spellcasting   | |  2.0

Action                   || total
-------------------------++-------
Melee: Unarmed           ||    38
       Bite              ||     8
 Cast: Magic Dart        ||     9
 Stab: Sleeping          ||     1
Armor: Skin              ||     4
Dodge: Dodged            ||    36
